AoeStats
← _vishi_

Black Forest

504548329Analyzed
4v4 RM · 27d ago on Sep 5, 2026· 42m 21s· 8 players
Game mode
Random Map
Map size
Large (8 player)
Population
200
Speed
Normal
Resources
Standard
Victory
Conquest
Starting age
Dark Age
Ending age
Imperial Age
RankedLock teamsTeams togetherTeam positionsShared explorationLock speedFull tech treeHidden civsTurbo modeCheats
Victory
Defeat
🇻🇳 Dravidians · Vietnam
1460
+16
🇹🇼 Japanese · Taiwan
1426
+18
1425
+18
🇮🇳 Saracens · India
1399
+19
🇷🇴 Mongols · Romania
1548
-22
🇷🇴 Persians · Romania
1467
-18
🇷🇴 Khmer · Romania
1455
-17
🇬🇧 Malians · United Kingdom
1381
-14
_vishi_
6:49 Loom
11:02 Feudal Age
15:08 Castle Age
13:40 Double-Bit Axe
15:22 Bloodlines
16:03 Wheelbarrow
16:07 Horse Collar
19:23 Scale Barding Armor
20:58 Wheelbarrow
32:50 Imperial Age
31:28 Husbandry
31:55 Heavy Plow
32:46 Stone Mining
32:47 Gold Mining
32:58 Elite Mameluke
37:06 Hand Cart
37:05 Forging
37:16 Chain Barding Armor
38:42 Iron Casting
38:31 Conscription
39:33 Plate Barding Armor
41:34 Blast Furnace
40:50 Caravan
41:08 Bow Saw
41:42 Gold Shaft Mining
41:36 Scale Mail Armor
41:36 Padded Archer Armor
41:17 Heavy Camel Rider
Ares_Hong Bang- Trieu Dynasty
7:24 Loom
9:37 Feudal Age
13:02 Fletching
13:12 Padded Archer Armor
20:03 Wheelbarrow
24:12 Castle Age
23:32 Double-Bit Axe
23:30 Horse Collar
24:39 Wheelbarrow
24:15 Crossbowman
24:51 Bodkin Arrow
26:25 Thumb Ring
26:54 Bow Saw
30:37 Leather Archer Armor
32:51 Hand Cart
32:32 Gold Mining
32:35 Stone Mining
35:04 Ballistics
38:21 Imperial Age
35:54 Town Watch
37:25 Gold Shaft Mining
37:06 Fortified Wall
37:08 Masonry
38:30 Arbalester
39:13 Bracer
41:22 Conscription
41:23 Bolt Magazine
42:23 Town Patrol
thanh7531
0:41 Loom
11:08 Feudal Age
16:20 Castle Age
14:44 Double-Bit Axe
16:28 Wheelbarrow
18:37 Bow Saw
24:44 Town Watch
30:23 Imperial Age
28:48 Fletching
28:59 Padded Archer Armor
29:45 Horse Collar
30:27 Thumb Ring
31:26 Bodkin Arrow
31:47 Leather Archer Armor
32:36 Elite Elephant Archer
33:20 Bracer
36:48 Man-at-Arms
37:28 Squires
37:14 Gambesons
38:20 Hand Cart
38:16 Caravan
38:49 Coinage
39:23 Two-Man Saw
39:22 Ballistics
42:55 Town Patrol
騷護士
1:16 Loom
9:34 Feudal Age
9:53 Man-at-Arms
10:48 Arson
17:46 Wheelbarrow
17:16 Fletching
19:41 Scale Mail Armor
19:47 Double-Bit Axe
26:20 Castle Age
24:24 Horse Collar
25:03 Stone Mining
25:07 Gold Mining
28:09 Bow Saw
34:32 Heavy Plow
35:07 Hand Cart
38:37 Imperial Age
37:01 Gold Shaft Mining
37:14 Bodkin Arrow
37:20 Padded Archer Armor
38:06 Thumb Ring
38:40 Bloodlines
38:31 Husbandry
39:39 Bracer
40:07 Ballistics
40:55 Chemistry
41:04 Parthian Tactics
40:53 Heavy Cavalry Archer
42:03 Parthian Tactics
Hartung
0:49 Loom
12:39 Feudal Age
23:08 Castle Age
24:05 Double-Bit Axe
26:47 Fletching
27:16 Crossbowman
Mihail
10:42 Feudal Age
14:13 Castle Age
12:06 Double-Bit Axe
12:13 Horse Collar
20:22 Scale Barding Armor
21:20 Husbandry
23:24 Chain Barding Armor
25:33 Bloodlines
25:19 Gold Mining
26:37 Bow Saw
29:42 Forging
34:14 Imperial Age
31:32 Loom
32:23 Wheelbarrow
33:29 Fletching
36:14 Pikeman
37:21 Squires
37:22 Scale Mail Armor
38:21 Hand Cart
37:51 Town Watch
Tudorica
1:05 Loom
12:07 Feudal Age
27:31 Castle Age
[LW] Awake
10:03 Feudal Age
13:33 Castle Age
11:15 Horse Collar
14:15 Double-Bit Axe
15:45 Bow Saw
24:09 Wheelbarrow
23:36 Heavy Plow
26:08 Hand Cart
26:58 Loom
26:58 Town Watch
29:52 Imperial Age
27:46 Fletching
28:38 Bodkin Arrow
28:55 Masonry
28:52 Thumb Ring
28:58 Bloodlines
28:48 Husbandry
29:17 Gold Mining
29:29 Padded Archer Armor
30:23 Ballistics
29:54 Capped Ram
30:35 Bracer
30:47 Bracer
31:48 Chemistry
32:07 Parthian Tactics
32:11 Elite Mangudai
33:45 Coinage
33:49 Leather Archer Armor
34:42 Conscription
34:57 Hoardings
34:29 Onager
36:03 Banking
35:37 Siege Ram
37:19 Siege Engineers
Connection lost

Rejoining the realm…

Still unreachable

The connection could not be restored.

Session expired

The server has moved on; the page needs a fresh start.